 Dungeon Crawl Stone Soup version 0.30-a0-718-geaa24f58ff (webtiles) character file.

Game seed: 5178351340837376251

14 drugrobin the Sneak (level 2, -8/25 HPs)
             Began as a Demigod Delver on Jan 26, 2023.
             Mangled by a mummy (18 damage)
             ... in an ossuary.
             The game lasted 00:03:51 (388 turns).

drugrobin the Sneak (Demigod Delver)                 Turns: 388, Time: 00:03:52

Health: -8/25      AC:  3    Str: 13    XL:     2   Next: 15%
Magic:  4/4        EV: 11    Int: 12    God:
Gold:   37         SH:  0    Dex: 15    Spells: 1/1 levels left

rFire   . . .      SeeInvis .    g - +0 quarterstaff
rCold   . . .      Faith    .    (shield currently unavailable)
rNeg    . . .      Spirit   .    a - +0 leather armour
rPois   .          Reflect  .    (no helmet)
rElec   .          Harm     .    (no cloak)
rCorr   .          Rampage  .    (no gloves)
Will    .....                    (no boots)
Stlth   +++                      (no amulet)
HPRegen 0.24/turn                (no ring)
MPRegen 0.09/turn                (no ring)

@: no status effects
A: high MP 1, forlorn, divine attributes
a: no special abilities


You were in an ossuary.
You visited 1 branch of the dungeon, and saw 3 of its levels.
You also visited: Ossuary.

You collected 37 gold pieces.

Inventory:

Hand Weapons
 g - a +0 quarterstaff (weapon)
 h - a +0 long sword
Armour
 a - a +0 leather armour (worn)
Wands
 f - a wand of digging (3)
Scrolls
 b - a scroll of fog
 i - a scroll of teleportation {unknown}
Potions
 c - a potion of magic {unknown}
 d - a potion of invisibility {unknown}
 e - a potion of haste
 j - 2 potions of resistance {unknown}


   Skills:
 - Level 2.6 Fighting
 - Level 1.7 Dodging
 - Level 4.5 Stealth
 + Level 2.7 Unarmed Combat


You had one spell level left.
You didn't know any spells.
Your spell library was empty.

Dungeon Overview and Level Annotations

Branches:
Dungeon (5/15)            Ossuary (1/1)
 Temple: D:4-7


Innate Abilities, Weirdness & Mutations

You have an increased reservoir of magic. (+10% MP)
You shall have no god before yourself.
Your divine heritage dramatically boosts your attributes as you level up.


Message History

2 mummies and a kobold zombie come into view.
There are monsters nearby!
Unknown command.
There is a gate leading back out of this place here.
Unknown command.
Okay, then.
Unknown command.
Unknown command.
You sock the mummy!
The mummy is heavily damaged.
You hit the mummy but do no damage.
The mummy is heavily damaged.
The mummy closely misses you.
You barely miss the mummy.
The mummy is heavily damaged.
The mummy hits you.
You hit the mummy but do no damage.
The mummy is heavily damaged.
The mummy barely misses you.
You hit the mummy but do no damage.
The mummy is heavily damaged.
The kobold zombie barely misses you.
You hit the mummy.
The mummy is severely damaged.
The mummy barely misses you. The kobold zombie barely misses you.
You closely miss the mummy.
The mummy is severely damaged.
The kobold zombie barely misses you. The mummy hits you!
Ouch! That really hurt!
You completely miss the mummy.
The mummy is severely damaged.
The kobold zombie barely misses you. The mummy barely misses you.
Unknown command.
Unknown command.
You barely miss the mummy.
The mummy is severely damaged.
The kobold zombie hits you. The kobold zombie closely misses you.
The mummy hits you!!
Ouch! That really hurt!
You die...

#....#
#....#
#....#
#....#
#....#
#....#
#....#
#ZMZ.#
#.@∩.#
######


You could see a mummy and 2 kobold zombies.

Vanquished Creatures
  A ball python (D:4)
  An endoplasm (D:4)
  2 giant cockroaches
  2 gnoll zombies (Ossuary)
  A hobgoblin (D:3)
  2 kobolds (D:3)
  A quokka (D:4)
  An orc zombie (Ossuary)
11 creatures vanquished.

Notes
Turn   | Place    | Note
-------+----------+-------------------------------------------
     0 | D:5      | drugrobin the Demigod Delver began the quest for the Orb.
     0 | D:5      | Reached XP level 1. HP: 18/18 MP: 3/3
    13 | D:5      | Noticed an iguana
    14 | D:5      | Noticed a hound
    55 | D:4      | Found a sand-covered staircase.
   171 | D:4      | Noticed a howler monkey
   250 | D:3      | Reached XP level 2. HP: 12/25 MP: 4/4
   316 | Ossuary  | Entered an ossuary
   388 | Ossuary  | Mangled by a mummy

Illustrated notes

Levels and vault maps discovered:
D:3:      layout_rooms, ebering_ecumenical_altar_sacrificial, serial_glass,
          glass_columns_a, glass_columns_b
D:4:      layout_basic, lemuel_round_altar, enter_ossuary_1
D:5:      layout_loops_ring, kiku_gazebo_garden_becter, minivault_1,
          hangedman_decor_clover_reticule, minmay_manual_mares
Ossuary:  ossuary_tomb_3

Skill      XL: |  1 |
---------------+----+-----
Unarmed Combat | 2 |  2.7
Fighting       | |  2.6
Dodging        | |  1.7
Stealth        | |  4.5

Action                     || total
---------------------------++-------
  Melee: Unarmed           ||    21
         Quarterstaff      ||    22
    Use: Scroll            ||     2
   Stab: Sleeping          ||     1
 Armour: Leather armour    ||     7
  Dodge: Dodged            ||    23

Table legend: (Time is in decaauts)
 A = Elapsed time spent in this place.
 B = Non-inter-level travel time spent in this place.
 C = Inter-level travel time spent in this place.
 D = Time resting spent in this place.
 E = Time spent auto-exploring this place.
 F = Levels seen in this place.
 G = Mean time per level.
                   A        B        C        D        E       F      G
               +--------+--------+--------+--------+--------+-----+--------+
         Total |    392 |    297 |     95 |      8 |     10 |   4 |   98.0 |
       Dungeon |    315 |    220 |     95 |      0 |     10 |   3 |  105.0 |
       Ossuary |     77 |     77 |      0 |      8 |      0 |   1 |   77.0 |
               +--------+--------+--------+--------+--------+-----+--------+

Top non-repeatable levels by time:
     D:4: 207 daAuts
     D:3: 87 daAuts
 Ossuary: 77 daAuts
     D:5: 20 daAuts
